 Dungeon Crawl Stone Soup version 0.22.1-2-g9c5b331 (webtiles) character file.

253 WarriorsX the Chopper (level 6, 0/72 HPs)
             Began as a Human Berserker on Dec 28, 2018.
             Was a Believer of Trog.
             Killed from afar by Sigmund (12 damage)
             ... with a puff of flame
             ... on level 3 of the Dungeon.
             The game lasted 00:06:53 (3001 turns).

WarriorsX the Chopper (Human Berserker)             Turns: 3001, Time: 00:06:53

Health: 0/72       AC:  6    Str: 24    XL:     6   Next: 37%
Magic:  6/6        EV: 13    Int:  7    God:    Trog [**....]
Gold:   212        SH:  0    Dex: 13    Spells: 5/5 levels left

rFire    . . .     SeeInvis .   a - +0 hand axe
rCold    . . .     Gourm    .   (no shield)
rNeg     . . .     Faith    .   m - +0 scale mail
rPois    .         Spirit   .   (no helmet)
rElec    .         Reflect  .   (no cloak)
rCorr    .         Harm     .   (no gloves)
MR       .....                  (no boots)
Stlth    ..........             (no amulet)
HPRegen  0.22/turn              h - +2 ring of evasion
MPRegen  0.10/turn              (no ring)

@: berserking, drained, very quick
A: no striking features
a: Berserk, Trog's Hand, Renounce Religion


You were on level 3 of the Dungeon.
You worshipped Trog.
Trog was pleased with you.
You were near starving.

You visited 1 branch of the dungeon, and saw 3 of its levels.

You collected 212 gold pieces.

Inventory:

Hand Weapons
 a - a +0 hand axe (weapon)
Armour
 m - a +0 scale mail (worn)
Jewellery
 h - a +2 ring of evasion (left hand)
 n - an uncursed amulet of harm
Scrolls
 b - a scroll of amnesia {unknown}
 d - 4 scrolls of identify
 e - 2 scrolls of enchant weapon {unknown}
 f - a scroll of noise {unknown}
 g - 7 scrolls of remove curse {unknown}
 k - a scroll of blinking {unknown}
 o - a scroll of magic mapping {unknown}
 r - a scroll of teleportation {unknown}
Potions
 i - 4 potions of heal wounds
 j - 2 potions of brilliance
 l - a potion of cancellation {unknown}
 p - a potion of flight {unknown}
 q - a potion of curing {unknown}
 s - a potion of lignification {unknown}
Comestibles
 c - 4 rations
 t - 2 chunks of flesh


   Skills:
 + Level 3.8(3.4) Fighting
 + Level 4.6(4.2) Axes
 * Level 3.7(3.3) Armour
 * Level 3.2(2.8) Dodging


You had 5 spell levels left.
You didn't know any spells.
Your spell library was empty.

Dungeon Overview and Level Annotations

Branches:
Dungeon (3/15)

Altars:
Nemelex Xobeh
Vehumet
Yredelemnul
Zin

Annotations:
D:3 1 runed door, Kaits's ghost, amateur GrMo; Sigmund


Message History

A puff of flame appears from out of thin air!
The puff of flame hits you! Something hits you but does no damage.
You hit something. You hit something but do no damage. Something hits you!
You miss something.
You hear some strange, mumbled words.
A magic dart appears from out of thin air!
The magic dart hits you!
You hit something but do no damage. Something hits you!
* * * LOW HITPOINT WARNING * * *
You hit something but do no damage.
A red film seems to cover your vision as you go berserk!
You feel yourself moving faster!
You feel mighty!
You are near starving!
Something barely misses you.
You miss something.
You hear some strange, mumbled words.
A puff of flame appears from out of thin air!
The puff of flame hits you!
You die...

.#...#.########.#
.#.##.....# #.#
.#.##.###.#####.#
.#........#.....#
.###.######.#####
.###.# #...# #
.....#
###.#####.#
###### #.#?.{..#
#.##@# #....#
#.##.# ######


There were no monsters in sight!

Vanquished Creatures
  2 orc wizards (D:3)
  Jessica (D:2)
  Natasha (thrice) (D:2)
  2 adders (D:3)
  A worm (D:3)
  3 dart slugs
  3 leopard geckos (D:2)
  6 orcs (D:3)
  A ball python (D:2)
  11 bats
  4 giant cockroaches
  7 goblins
  3 hobgoblins
  3 jackals (D:3)
  8 kobolds
  2 frilled lizards (D:3)
  6 rats
66 creatures vanquished.

Notes
Turn   | Place    | Note
-------+----------+-------------------------------------------
     0 | D:1      | WarriorsX the Human Berserker began the quest for the Orb.
     0 | D:1      | Reached XP level 1. HP: 18/18 MP: 1/1
    34 | D:1      | Reached XP level 2. HP: 24/24 MP: 2/2
   436 | D:1      | Reached XP level 3. HP: 19/29 MP: 3/3
   857 | D:2      | Reached ** piety under Trog
   989 | D:2      | Noticed Jessica
  1015 | D:2      | Found a radiant altar of Vehumet.
  1191 | D:2      | Noticed Natasha
  1198 | D:2      | Killed Natasha
  1198 | D:2      | Reached XP level 4. HP: 21/35 MP: 4/4
  1544 | D:2      | Killed Jessica
  1544 | D:2      | Reached skill level 4 in Axes
  1544 | D:2      | Reached XP level 5. HP: 15/41 MP: 5/5
  1839 | D:2      | Noticed Natasha
  1850 | D:2      | Killed Natasha
  1973 | D:2      | Noticed Natasha
  1989 | D:2      | Killed Natasha
  2314 | D:3      | Found a runed door.
  2315 | D:3      | Found a basalt altar of Yredelemnul.
  2316 | D:3      | Noticed Kaits's ghost (amateur GrMo)
  2320 | D:3      | Found a sparkling altar of Nemelex Xobeh.
  2320 | D:3      | Found a glowing silver altar of Zin.
  2632 | D:3      | Reached XP level 6. HP: 34/48 MP: 6/6
  2969 | D:3      | Noticed Sigmund
  3001 | D:3      | Killed from afar by Sigmund

Skill      XL: |  1  2  3  4  5 |
---------------+----------------+-----
Axes           | 4 |  4.6
Armour         | 3 |  3.7
Dodging        | 3 |  3.2
Fighting       | |  3.8

Action                   |  1- 3 |  4- 6 || total
-------------------------+-------+-------++-------
Melee: Hand axe          |    73 |   213 ||   286
Invok: Trog's Hand       |     1 |     3 ||     4
       Berserk           |       |     3 ||     3
  Use: Scroll            |     1 |       ||     1
       Potion            |     1 |       ||     1
 Stab: Sleeping          |     1 |       ||     1
  Eat: Chunk             |     1 |     9 ||    10
Armor: Animal skin       |    15 |       ||    15
       Scale mail        |     9 |    69 ||    78
Dodge: Dodged            |    48 |   121 ||   169
